 Dungeon Crawl Stone Soup version 0.29.1-15-g9cfb28693d (webtiles) character file.

Game seed: 17771013143840654160

2 javelincjr the Magician (level 1, -1/13 HPs)
             Began as a Demonspawn Hedge Wizard on Apr 7, 2023.
             Slain by a hobgoblin (3 damage)
             ... on level 1 of the Dungeon.
             The game lasted 00:00:26 (181 turns).

javelincjr the Magician (Demonspawn Hedge Wizard)    Turns: 181, Time: 00:00:27

Health: -1/13      AC:  2    Str: 10    XL:     1   Next: 33%
Magic:  0/4        EV: 12    Int: 21    God:
Gold:   0          SH:  0    Dex: 12    Spells: 5/6 levels left

rFire   . . .      SeeInvis .   f - +2 dagger (vamp)
rCold   . . .      Faith    .   (no shield)
rNeg    . . .      Spirit   .   b - +0 robe
rPois   .          Reflect  .   c - +0 hat
rElec   .          Harm     .   (no cloak)
rCorr   .          Rampage  .   (no gloves)
Will    .....                   (no boots)
Stlth   ++........              (no amulet)
HPRegen 0.04/turn               e - +6 ring of intelligence
MPRegen 0.09/turn               (no ring)

@: no status effects
A: no striking features
a: no special abilities


You were on level 1 of the Dungeon.
You visited 1 branch of the dungeon, and saw 1 of its levels.

Inventory:

Hand Weapons
 a - a +0 dagger
 f - a +2 vampiric dagger (weapon)
Armour
 b - a +0 robe (worn)
 c - a +0 hat (worn)
Jewellery
 e - a +6 ring of intelligence (left hand)
Potions
 d - a potion of magic


   Skills:
 + Level 1.8 Dodging
 + Level 1.8 Stealth
 + Level 3.0 Spellcasting
 + Level 1.1 Conjurations
 + Level 1.1 Summonings
 + Level 0.9 Translocations


You had 5 spell levels left.
You knew the following spells:

 Your Spells              Type           Power      Damage    Failure   Level
a - Magic Dart            Conj           28%        1d4       9%          1

Your spell library contained the following spells:

 Spells                   Type           Power      Damage    Failure   Level
 Slow                     Hex            12%        N/A       13%         1
 Call Imp                 Summ           7%         N/A       13%         2
 Blink                    Tloc           14%        N/A       14%         2
 Conjure Flame            Conj/Fire      5%         6-21      32%         3
 Mephitic Cloud           Conj/Pois/Air  4%         N/A       34%         3


Dungeon Overview and Level Annotations

Branches:
Dungeon (1/15)

Altars:


Message History

f - a +2 vampiric dagger You feel a sense of dread.
f - a +2 vampiric dagger (weapon)
A rat comes into view.
A bat comes into view.
The bat moves out of view.
You miscast Magic Dart.
You are very lightly contaminated with residual magic.
Nothing appears to happen.
You miscast Magic Dart.
Nothing appears to happen.
The magic dart hits the rat.
You kill the rat!
You can't see any susceptible monsters within range! (Use Z to cast anyway.)
Your magical contamination has completely faded away.
A bat is nearby!
The magic dart hits the bat.
You kill the bat!
You can't see any susceptible monsters within range! (Use Z to cast anyway.)
Found 6 poisoned darts.
A hobgoblin comes into view.
A hobgoblin comes into view.
The hobgoblin shouts!
Found a stone staircase leading down.
The magic dart hits the hobgoblin but does no damage.
The hobgoblin shouts!
The magic dart hits the hobgoblin but does no damage.
The magic dart hits the hobgoblin.
The hobgoblin is moderately wounded.
The hobgoblin hits you.
You hit the hobgoblin.
You feel better.
The hobgoblin is heavily wounded.
The hobgoblin hits you.
The magic dart hits the hobgoblin but does no damage.
The hobgoblin is heavily wounded.
The hobgoblin hits you. x2
* * * LOW HITPOINT WARNING * * *
You are too injured to fight recklessly!
You are too injured to fight recklessly!
You are too injured to fight recklessly!
The hobgoblin attacks as you move away! The hobgoblin hits you.
You die...

#.## #######.#
(........#
#.#####+#.## #.#
#.#..# #..
##.##.# # #.#
+8.8'.#
....###### #.#
#...###
.......g@#####.#
##...###
#......g#......#
#≈...≈##
.....#.###.###.#
#≈...≈#. .#....#
##....# #≈...≈##
>....# ##.###.#
#≈...≈# ###.#
.#.####.# #≈.<.≈#
#.
#.......####...##
.
#..........##.##
#.####..#######


You could see 2 hobgoblins.

Vanquished Creatures
  A goblin (D:1)
  A bat (D:1)
  A rat (D:1)
3 creatures vanquished.

Notes
Turn   | Place    | Note
-------+----------+-------------------------------------------
     0 | D:1      | javelincjr the Demonspawn Hedge Wizard began the quest for
                  | the Orb.
     0 | D:1      | Reached XP level 1. HP: 13/13 MP: 4/4
   181 | D:1      | Slain by a hobgoblin

Illustrated notes

Levels and vault maps discovered:
D:1:      wander_arrival_chamber, layout_loops_ring, basic_ecumenical_altar

Action                   || total
-------------------------++-------
Melee: Dagger            ||     1
 Cast: Magic Dart        ||     8
